 Dungeon Crawl Stone Soup version 0.19-a0-1227-g2a379a6 (webtiles) character file.

3761 Magifyre the Cleaver (level 10, -11/56 HPs)
             Began as a Gargoyle Berserker on Aug 26, 2016.
             Was a High Priest of Trog.
             Mangled by Gastronok (30 damage)
             ... on level 8 of the Dungeon.
             The game lasted 00:17:24 (7029 turns).

Magifyre the Cleaver (Gargoyle Berserker)           Turns: 7029, Time: 00:17:25

Health: -11/56     AC: 20    Str: 24    XL:     10   Next: 15%
Magic:  10/10      EV: 10    Int:  8    God:    Trog [*****.]
Gold:   427        SH:  0    Dex:  9    Spells: 0 memorised, 9 levels left

rFire  . . .     SeeInvis .     A - +0 battleaxe
rCold  . . .     Gourm    .     y - +2 scale mail {MR+}
rNeg   + + .     Faith    .     (shield currently unavailable)
rPois  ∞         Spirit   .     (no helmet)
rElec  +         Dismiss  .     x - +2 cloak
rCorr  .         Reflect  .     (no gloves)
MR     +....     Harm     .     D - +1 pair of boots
Stlth  ..........               (no amulet)
                                e - ring of positive energy
                                b - +4 ring of slaying

@: no status effects
A: negative energy resistance 1, electricity resistance, unbreathing,
petrification resistance, rot immunity, AC +7
a: Berserk, Trog's Hand, Brothers in Arms, Burn Spellbooks, Renounce Religion


You were on level 8 of the Dungeon.
You worshipped Trog.
Trog was extremely pleased with you.
You were hungry.

You visited 1 branch of the dungeon, and saw 8 of its levels.
You also visited: Ossuary.

You collected 427 gold pieces.

Inventory:

Hand Weapons
 A - a +0 battleaxe (weapon)
Missiles
 g - 9 tomahawks (quivered)
 C - a throwing net
Armour
 x - a +2 cloak (worn)
 y - a +2 scale mail of magic resistance (worn)
 D - a +1 pair of boots (worn)
Jewellery
 b - a +4 ring of slaying (left hand)
 e - a ring of positive energy (right hand)
Wands
 F - a wand of slowing (17/48)
 G - a wand of slowing (25/48)
Scrolls
 k - 2 scrolls of identify
 m - a scroll of magic mapping
 p - a scroll of fear
 r - 4 scrolls of teleportation
 z - 3 scrolls of remove curse
 B - a scroll of random uselessness {unknown}
Potions
 a - 2 potions of agility
 d - 3 potions of heal wounds
 f - 3 potions of might
 i - 4 potions of flight
 j - a potion of magic {unknown}
 l - a potion of cure mutation {unknown}
 s - 2 potions of berserk rage {unknown}
 u - 5 potions of haste
 v - 3 potions of curing {unknown}
 w - a potion of cancellation {unknown}
Books
 E - a book of Summonings

   Spells                             Type                      Level
   a - Recall                         Summoning/Translocation      3
   b - Aura of Abjuration             Summoning                    5
   c - Summon Demon                   Summoning                    5
   d - Summon Forest                  Summoning/Translocation      5
   e - Summon Mana Viper              Hexes/Summoning              5
   f - Shadow Creatures               Summoning                    6
   Trog disapproves of the use of such an item.
Comestibles
 c - 12 bread rations
 h - 2 fruits
 n - 3 beef jerkies
 q - 2 meat rations
 t - 4 slices of pizza


   Skills:
 - Level 3.2 Fighting
 + Level 13.0 Axes
 - Level 2.1 Armour
 - Level 1.5 Dodging


You had 9 spell levels left.
You didn't know any spells.

Dungeon Overview and Level Annotations

Branches:
Dungeon (8/15)             Temple (0/1) D:7
   Lair: D:8-11

Altars:
Kikubaaqudgha
Qazlal
Yredelemnul
Zin

Annotations:
D:8 Gastronok


Innate Abilities, Weirdness & Mutations

You are resistant to torment.
Your stone body is resilient. (AC +7)
You are immune to poison.
You resist negative energy. (rN+)
You are resistant to electric shocks. (rElec)
You can survive without breathing.
You are immune to petrification.
You are immune to rotting.


Message History

Gastronok waves his eye-stalks in wide circles.
The air twists around and strikes you!
Ouch! That really hurt!
You slash Gastronok!
Gastronok is lightly wounded.
You are feeling hungry.
You hit Gastronok.
Gastronok is lightly wounded.
Gastronok gurgles, "A snack!
A snack!"
Gastronok casts a spell.
You slice Gastronok!!
Gastronok is moderately wounded.
You slash the river rat!
You kill the river rat!
The river rat's corpse disappears in a puff of smoke!
You hit Gastronok.
Gastronok is moderately wounded.
Gastronok bites you!!
Ouch! That really hurt!
You die...

#.# #.# #.# #
#.# #. #r#
.######b#
.....#w# ..#(#@#
#######.#.#§####
........#......#
.........#######
..######.#
.......# #.#
.......# #.#
.......# #.#
.......# #.#


You could see Gastronok, a river rat and a bat.

Vanquished Creatures
  The ghost of PurpleRed the Destroyer, a novice DECj (D:6)
  Grinder (D:4)
  Prince Ribbit (D:5)
  Sigmund (D:5)
  A spriggan (D:7)
  Eustachio (D:4)
  A human (D:3)
  Grum (D:8)
  Edmund (D:4)
  Menkaure (D:5)
  Duvessa (D:4)
  A water moccasin (D:5)
  2 ice beasts
  An orc warrior (D:7)
  5 ogres
  A centaur (D:5)
  2 wolves (D:8)
  The ghost of PurpleRed the Conjurer, an amateur DECj (D:4)
  Dowan (D:4)
  2 scorpions
  A hound (D:4)
  3 orc priests
  5 orc wizards
  Terence (D:2)
  Ijyb (D:2)
  Natasha (thrice) (D:2)
  An iguana (D:4)
  3 worker ants
  3 mummies (Ossuary)
  2 hound skeletons (D:7)
  A worker ant zombie (D:5)
  3 gnolls (D:6)
  7 adders
  3 adder zombies (Ossuary)
  4 worms
  A dart slug (D:1)
  3 giant geckos
  21 orcs
  A ball python (D:1)
  8 giant cockroaches
  8 goblins
  7 hobgoblins
  9 jackals
  4 quokkas
  10 bats
  A giant newt (D:3)
  4 goblin zombies (Ossuary)
  3 hobgoblin zombies (Ossuary)
  A jackal skeleton (D:6)
  2 jackal zombies
  10 kobolds
  2 kobold zombies (Ossuary)
  A quokka zombie (Ossuary)
  38 rats
  5 rat zombies (Ossuary)
207 creatures vanquished.

Notes
Turn   | Place    | Note
-------+----------+-------------------------------------------
     0 | D:1      | Magifyre the Gargoyle Berserker began the quest for the Orb.
     0 | D:1      | Reached XP level 1. HP: 14/14 MP: 1/1
   184 | D:1      | Reached skill level 3 in Axes
   202 | D:1      | Reached XP level 2. HP: 8/19 MP: 2/2
   958 | D:2      | Noticed Terence
   973 | D:2      | Killed Terence
   973 | D:2      | Reached skill level 4 in Axes
   973 | D:2      | Reached XP level 3. HP: 23/23 MP: 3/3
  1035 | D:2      | Noticed Natasha
  1048 | D:2      | Killed Natasha
  1048 | D:2      | Reached XP level 4. HP: 12/28 MP: 4/4
  1066 | D:2      | Noticed Natasha
  1259 | D:2      | Killed Natasha
  1830 | D:2      | Reached ** piety under Trog
  1870 | D:2      | Reached skill level 5 in Axes
  1877 | D:2      | Noticed Natasha
  1885 | D:2      | Killed Natasha
  1885 | D:2      | Reached XP level 5. HP: 21/32 MP: 5/5
  2033 | D:2      | Noticed Ijyb
  2048 | D:2      | Killed Ijyb
  2256 | D:2      | Reached *** piety under Trog
  2850 | D:3      | Found a runed door.
  2850 | D:3      | Noticed a human
  2854 | D:3      | Found a basalt altar of Yredelemnul.
  2882 | D:3      | Killed a human
  2882 | D:3      | Reached skill level 6 in Axes
  2882 | D:3      | Reached XP level 6. HP: 29/37 MP: 6/6
  3070 | D:3      | Found an ancient bone altar of Kikubaaqudgha.
  3465 | D:4      | Noticed Edmund
  3487 | D:4      | Killed Edmund
  3487 | D:4      | Reached skill level 7 in Axes
  3487 | D:4      | Reached XP level 7. HP: 15/41 MP: 7/7
  3604 | D:4      | Noticed Duvessa
  3604 | D:4      | Noticed Dowan
  3607 | D:4      | Found a sand-covered staircase.
  3611 | Ossuary  | Entered an ossuary
  3852 | Ossuary  | Reached **** piety under Trog
  3953 | D:4      | Killed Duvessa
  3976 | D:4      | Killed Dowan
  3976 | D:4      | Reached skill level 8 in Axes
  4092 | D:4      | Found a basalt altar of Yredelemnul.
  4138 | D:4      | Noticed PurpleRed's ghost (amateur DECj)
  4140 | D:4      | Reached XP level 8. HP: 44/46 MP: 8/8
  4147 | D:4      | Killed PurpleRed's ghost
  4193 | D:4      | Noticed Eustachio
  4206 | D:4      | Killed Eustachio
  4206 | D:4      | Reached skill level 9 in Axes
  4394 | D:4      | Noticed Grinder
  4415 | D:4      | Paralysed by Grinder for 6 turns
  4421 | D:4      | Killed Grinder
  4718 | D:5      | Entered Level 5 of the Dungeon
  4840 | D:5      | Found a glowing silver altar of Zin.
  4851 | D:5      | Noticed Sigmund
  4862 | D:5      | Reached skill level 10 in Axes
  4875 | D:5      | Killed Sigmund
  4875 | D:5      | Reached XP level 9. HP: 29/51 MP: 9/9
  4970 | D:5      | Noticed Prince Ribbit
  5091 | D:5      | Killed Prince Ribbit
  5091 | D:5      | Reached skill level 11 in Axes
  5179 | D:5      | Noticed Menkaure
  5184 | D:5      | Killed Menkaure
  5448 | D:6      | Found a stormy altar of Qazlal.
  5698 | D:6      | Noticed PurpleRed's ghost (novice DECj)
  5708 | D:6      | Killed PurpleRed's ghost
  5708 | D:6      | Reached skill level 12 in Axes
  6527 | D:7      | Found a staircase to the Ecumenical Temple.
  6617 | D:7      | Reached XP level 10. HP: 39/56 MP: 10/10
  6922 | D:8      | Noticed Grum
  6931 | D:8      | Killed Grum
  6931 | D:8      | Reached ***** piety under Trog
  6952 | D:8      | Reached skill level 13 in Axes
  7022 | D:8      | Noticed Gastronok
  7029 | D:8      | Mangled by Gastronok

Vault maps used:
D:1:      dpeg_arrival_erosion
D:2:      kennysheep_the_goblin_king, first_bread, minivault_23,
          minmay_rats_cheesy_pizza, uniq_natasha, uniq_terence
D:3:      kiku_gazebo_garden_becter, dk_yredelemnul_ordeal, uniq_iyjb
D:4:      lemuel_round_altar, enter_ossuary_5, minmay_statues_item,
          nrook_mini_vaults, uniq_edmund, uniq_duvessa, uniq_eustachio,
          uniq_grinder
D:5:      zin_academy, uniq_menkaure, uniq_sigmund, uniq_prince_ribbit1
D:6:      lemuel_round_altar, corexii_shack
D:7:      the_bakery
D:8:      uniq_grum, uniq_gastronok, uniq_maurice, uniq_erica
Ossuary:  ossuary_minmay_chase

Skill      XL: |  1  2  3  4  5  6  7  8  9 10 |
---------------+-------------------------------+-----
Axes           | 3 4 5 6 7 8 10 12 13 | 13.0
Fighting       | |  3.2
Armour         | |  2.1
Dodging        | |  1.5

Action                   |  1- 3 |  4- 6 |  7- 9 | 10-12 || total
-------------------------+-------+-------+-------+-------++-------
Melee: Hand axe          |    83 |   310 |    96 |       ||   489
       War axe           |       |       |   199 |       ||   199
       Battleaxe         |       |       |     6 |    20 ||    26
Invok: Berserk           |       |     1 |       |       ||     1
       Trog's Hand       |       |       |     3 |       ||     3
  Use: Scroll            |       |     2 |    13 |       ||    15
 Stab: Sleeping          |       |     1 |       |       ||     1
  Eat: Chunk             |       |    10 |    11 |     1 ||    22
Armor: Ring mail         |    31 |   149 |       |       ||   180
       Animal skin       |     1 |       |       |       ||     1
       Scale mail        |       |       |   131 |     6 ||   137
Dodge: Dodged            |    62 |   155 |   139 |     6 ||   362
